 Dungeon Crawl Stone Soup version 0.19-a0-920-gb70b166 (webtiles) character file.

100 IamBaum the Skirmisher (level 4, -1/37 HPs)
             Began as a Demonspawn Chaos Knight on July 5, 2016.
             Slain by an orc
             ... wielding a +0 mace
              (8 damage)
             ... on level 3 of the Dungeon.
             The game lasted 00:04:39 (1824 turns).

IamBaum the Skirmisher (Demonspawn Chaos Knight)    Turns: 1824, Time: 00:04:39

Health: -1/37      AC:  6    Str: 13    XL:     4   Next: 46%
Magic:  4/4        EV: 14    Int: 14    God:    Xom [.*....]
Gold:   99         SH:  0    Dex: 12    Spells: 0 memorised, 3 levels left

rFire  . . .     SeeInvis .     a - +0 falchion (chaos)
rCold  . . .     Gourm    .     b - +2 leather armour
rNeg   . . .     Faith    .     (no shield)
rPois  .         Spirit   .     (no helmet)
rElec  .         Dismiss  .     (no cloak)
rCorr  .         Reflect  .     (no gloves)
SustAt .         Harm     .     d - +0 pair of boots
MR     .....                    (no amulet)
Stlth  +.........               (no ring)
                                (no ring)

@: not resistant to hostile enchantments, very unstealthy
A: claws 1, repulsion field 1
a: Renounce Religion


You were on level 3 of the Dungeon.
You worshipped Xom.
You were a plaything of Xom.
You were not hungry.

You visited 1 branch of the dungeon, and saw 3 of its levels.

You collected 99 gold pieces.

Inventory:

Hand Weapons
 a - a +0 falchion of chaos (weapon)
Armour
 b - a +2 leather armour (worn)
 d - a +0 pair of boots (worn)
Scrolls
 e - 3 scrolls of identify {unknown}
 h - a scroll of enchant armour {unknown}
 i - a scroll of amnesia {unknown}
 k - a scroll of magic mapping {unknown}
Potions
 f - a potion of degeneration {unknown}
 g - 3 potions of curing
 j - a potion of magic {unknown}
Comestibles
 c - a bread ration


   Skills:
 + Level 3.8 Fighting
 + Level 3.5 Long Blades
 + Level 2.0 Armour
 + Level 2.2 Dodging


You had 3 spell levels left.
You didn't know any spells.

Dungeon Overview and Level Annotations

Branches:
Dungeon (3/15)

Altars:


Innate Abilities, Weirdness & Mutations

You have sharp fingernails.
You are surrounded by a mild repulsion field. (EV +2)


Message History

You closely miss the orc.
The orc is lightly wounded.
The orc misses you.
You barely miss the orc.
The orc is lightly wounded.
The orc closely misses you.
You barely miss the orc.
The orc is lightly wounded.
You hit the orc but do no damage.
The orc goes berserk!
The orc is lightly wounded.
The orc barely misses you. x2
You hit the orc.
The orc is poisoned.
The orc is heavily wounded.
The orc hits you with a mace.
* * * LOW HITPOINT WARNING * * *
You barely miss the orc.
The orc is severely wounded.
The orc hits you with a mace!
You die... "I guess I need a new plaything now."

#.....).....##.#
#..............#
#.#.#.##.......#
#.....#........##
......#.....##...
......#.o...##..#
..#+#+#......#..##########
..#......###.#...........#
#......o@..##.########.#
#......######.# #.#
...#.#+#.......# #.#
####.#.#.####### #.#
#.#.......# #.# #.#.#...#
#.# #.......# #.#
#.#.#...# #.# #.#.#####
#.#


You could see an orc (berserk).

Vanquished Creatures
  3 gnolls (D:3)
  An adder (D:3)
  3 oozes (D:1)
  A dart slug (D:2)
  2 worms (D:2)
  2 orcs (D:3)
  7 bats
  3 giant cockroaches (D:1)
  3 goblins
  3 hobgoblins (D:1)
  6 kobolds
  A quokka (D:2)
  5 rats
40 creatures vanquished.

Notes
Turn   | Place    | Note
-------+----------+-------------------------------------------
     0 | D:1      | IamBaum the Demonspawn Chaos Knight began the quest for the Orb.
     0 | D:1      | Reached XP level 1. HP: 18/18 MP: 1/1
    55 | D:1      | Gained mutation: You are surrounded by a mild repulsion field. (EV +2) [demonic ancestry]
    55 | D:1      | Reached XP level 2. HP: 24/24 MP: 2/2
    64 | D:1      | XOM: harmless Ice miscast
   108 | D:1      | XOM: divination: detect items
   118 | D:1      | Reached skill level 1 in Dodging
   138 | D:1      | XOM: divination: detect items
   138 | D:1      | Gained mutation: You have sharp fingernails. [demonic ancestry]
   138 | D:1      | Reached XP level 3. HP: 12/29 MP: 3/3
   205 | D:1      | XOM: silly message
   614 | D:1      | XOM: divination: detect creatures
   645 | D:1      | XOM: divination: detect items
   675 | D:2      | XOM: 2-stop teleportation journey
   779 | D:2      | XOM: silly message
   796 | D:2      | XOM: harmless Air miscast
   971 | D:2      | XOM: god gift: 21 gold pieces
  1626 | D:3      | Reached XP level 4. HP: 34/37 MP: 4/4
  1808 | D:3      | XOM: harmless Necr miscast
  1824 | D:3      | Slain by an orc

Vault maps used:
D:1:      tarquinn_simple_flora_water_b, st_stairs_13, minivault_11,
          minivault_19, kennysheep_decorative_pillar
D:3:      overflow_temple_1_default, first_bread

Skill      XL: |  1  2  3  4 |
---------------+-------------+-----
Dodging        | 1 2 |  2.2
Long Blades    | 3 |  3.5
Armour         | 2 |  2.0
Fighting       | |  3.8

Action                   |  1- 3 |  4- 6 || total
-------------------------+-------+-------++-------
Melee: Falchion          |   124 |    40 ||   164
  Eat: Bread ration      |     1 |       ||     1
Armor: Leather armour    |    30 |     9 ||    39
Dodge: Dodged            |    86 |    20 ||   106
